 Dungeon Sprint DCSS version 0.28.0-43-g3370ac3207 (webtiles) character file.

Game seed: 2264570890468399524

4169061 Baz the End of an Era (level 22, 212/212 HPs)
             Began as a Demonspawn Gladiator on Mar 18, 2022.
             Was the Champion of Qazlal.
             Escaped with the Orb
             ... and 3 runes!
             The game lasted 01:18:36 (16121 turns).

Baz the End of an Era (Demonspawn Gladiator)       Turns: 16121, Time: 01:18:37

Health: 212/212    AC: 45    Str: 25    XL:     22   Next: 32%
Magic:  53/53      EV: 22    Int: 13    God:    Qazlal [******]
Gold:   154        SH:  8    Dex: 18    Spells: 52/75 levels left

rFire   + + .      SeeInvis +   u - +7 great sword "Newtbane" {vorpal, *Noise rElec Int+3}
rCold   + + +      Faith    +   (shield currently unavailable)
rNeg    . . .      Spirit   .   M - +4 gold dragon scales
rPois   +          Reflect  .   (helmet unavailable)
rElec   +          Harm     .   p - +2 cloak {rCorr}
rCorr   +          Rampage  .   q - +2 pair of gloves {Str+3}
Will    ++...      NoTele   +   P - +4 pair of boots
Stlth   ..........              R - amulet of Xomis {Faith rC+}
HPRegen 1.45/turn               b - ring "Hagim" {Drain +Blink rF+ Will+ Slay+5}
MPRegen 0.33/turn               v - ring "Tetic" {Drain rElec rC++ Slay+5 SInv}

@: studying 3 skills, repel missiles
A: antennae 3, repulsion field 2, demonic guardian 2, powered by death 3, black
mark, bedeviling, cold resistance 1
0: Orb of Zot
}: 3/3 runes: silver, golden, iron
a: Renounce Religion, Evoke Blink, Upheaval, Elemental Force, Disaster Area


You escaped.
You worshipped Qazlal.
Qazlal was exalted by your worship.
You visited 1 branch You collected 154 gold pieces.

Inventory:

Hand Weapons
 u - the +7 great sword "Newtbane" (weapon) {vorpal, *Noise rElec Int+3}
   (You found it in the Dungeon)

   It inflicts extra damage upon your enemies.
   Int:       It affects your intelligence (+3).
   rElec:     It insulates you from electricity.
   *Noise:    It may make noises in combat.
 w - the +7 double sword "Beast's Doom" {vorpal, Int+3}
   (You found it in the Dungeon)

   It inflicts extra damage upon your enemies.
   Int:       It affects your intelligence (+3).
 I - a +1 triple sword
 J - a +0 triple sword of draining
Missiles
 d - 4 throwing nets (quivered)
Armour
 o - the +0 pair of boots of Jigsaw {rElec}
   (You found it in the Dungeon)

   rElec:     It insulates you from electricity.
 p - a +2 cloak of preservation (worn)
 q - a +2 pair of gloves of strength (worn)
 M - +4 gold dragon scales (worn)
 P - a +4 pair of boots (worn)
Jewellery
 b - the ring "Hagim" (left hand) {Drain +Blink rF+ Will+ Slay+5}
   (You found it in the Dungeon)

   [ring of slaying]

   Slay:      It affects your accuracy & damage with ranged weapons and melee
   (+5).
   rF:        It protects you from fire.
   +Blink:    It lets you blink.
   Drain:     It drains your maximum health when unequipped.
   Will:      It increases your willpower.
 c - the ring of Lessup {rPois rF+}
   (You found it in the Dungeon)

   [ring of poison resistance]

   rF:        It protects you from fire.
   rPois:     It protects you from poison.
 v - the ring "Tetic" (right hand) {Drain rElec rC++ Slay+5 SInv}
   (You found it in the Dungeon)

   [ring of see invisible]

   Slay:      It affects your accuracy & damage with ranged weapons and melee
   (+5).
   rC:        It greatly protects you from cold.
   rElec:     It insulates you from electricity.
   SInv:      It lets you see invisible.
   Drain:     It drains your maximum health when unequipped.
 B - the ring "Zuji" {rPois rF+++ Int-3 Slay+2}
   (You found it in the Dungeon)

   [ring of poison resistance]

   Int:       It affects your intelligence (-3).
   Slay:      It affects your accuracy & damage with ranged weapons and melee
   (+2).
   rF:        It renders you almost immune to fire.
   rPois:     It protects you from poison.
 D - a +6 ring of protection
 E - the ring of Avawapreab {Fly Int+3}
   (You found it in the Dungeon)

   [ring of flight]

   Int:       It affects your intelligence (+3).
   Fly:       It grants you flight.
 F - the amulet of the Enemy {Acrobat -Tele rN+ Str+6 Stlth+}
   (You found it in the Dungeon)

   [amulet of the acrobat]

   It increases your evasion while moving and waiting.
   Str:       It affects your strength (+6).
   rN:        It protects you from negative energy.
   -Tele:     It prevents most forms of teleportation.
   Stlth:     It makes you more stealthy.
 G - a ring of ice
 H - the ring of Fuddes {Fly Int+2 Slay+5}
   (You found it in the Dungeon)

   [ring of slaying]

   Int:       It affects your intelligence (+2).
   Slay:      It affects your accuracy & damage with ranged weapons and melee
   (+5).
   Fly:       It grants you flight.
 K - the ring of Xunlegg {Slay+5 Stlth+}
   (You found it in the Dungeon)

   [ring of slaying]

   Slay:      It affects your accuracy & damage with ranged weapons and melee
   (+5).
   Stlth:     It makes you more stealthy.
 L - the ring of Otep {rC+ Str+6}
   (You found it in the Dungeon)

   [ring of strength]

   Str:       It affects your strength (+6).
   rC:        It protects you from cold.
 N - a ring of resist corrosion
 Q - a ring of ice
 R - the amulet of Xomis (around neck) {Faith rC+}
   (You found it in the Dungeon)

   [amulet of faith]

   It allows you to gain divine favour quickly.
   rC:        It protects you from cold.
 S - a ring of protection from cold
 T - the ring "Tetic" {Drain rElec rC++ Slay+5 SInv}
   (You found it in the Dungeon)

   [ring of see invisible]

   Slay:      It affects your accuracy & damage with ranged weapons and melee
   (+5).
   rC:        It greatly protects you from cold.
   rElec:     It insulates you from electricity.
   SInv:      It lets you see invisible.
   Drain:     It drains your maximum health when unequipped.
 U - a ring of magical power
 W - the ring "Etagatud" {Drain rElec rF++ Will- Dex+6}
   (You found it in the Dungeon)

   [ring of dexterity]

   Dex:       It affects your dexterity (+6).
   rF:        It greatly protects you from fire.
   rElec:     It insulates you from electricity.
   Drain:     It drains your maximum health when unequipped.
   Will:      It decreases your willpower.
Wands
 r - a wand of flame (8)
 C - a wand of paralysis (6)
Scrolls
 a - 3 scrolls of fear
 j - 4 scrolls of blinking
 k - 8 scrolls of fog
 m - 6 scrolls of amnesia
 n - a scroll of summoning
 y - a scroll of magic mapping
 z - 13 scrolls of identify
 O - a scroll of immolation
Potions
 e - 18 potions of curing
 f - 53 potions of heal wounds
 g - 10 potions of haste
 h - 6 potions of magic
 i - 7 potions of berserk rage
 l - 2 potions of invisibility
 s - 4 potions of mutation
 t - 2 potions of might
 x - 6 potions of resistance
 A - 5 potions of brilliance
 X - a potion of flight
Miscellaneous
 V - a condenser vane
 Y - a piece from Xom's chessboard (15/15)
 Z - a box of beasts


   Skills:
 O Level 27 Fighting
 O Level 27 Long Blades
 + Level 17.0 Throwing
 O Level 27 Armour
 O Level 27 Dodging
 + Level 18.2 Stealth
 O Level 27 Unarmed Combat
 O Level 27 Spellcasting
 O Level 27 Hexes
 O Level 27 Translocations
 O Level 27 Invocations
 O Level 27 Evocations


You had 52 spell levels left.
You knew the following spells:

 Your Spells              Type           Power      Damage    Failure   Level
a - Blink                 Tloc           100%       N/A       0%          2
b - Metabolic Englaciati  Hex/Ice        34%        N/A       1%          5
c - Gell's Gravitas       Tloc           73%        N/A       0%          3
d - Manifold Assault      Tloc           73%        N/A       0%          5
e - Discord               Hex            46%        N/A       1%          8

Your spell library contained the following spells:

 Spells                   Type           Power      Damage    Failure   Level
 Apportation              Tloc           100%       N/A       0%          1
 Lesser Beckoning         Tloc           73%        N/A       0%          3
 Portal Projectile        Hex/Tloc       100%       N/A       0%          3
 Teleport Other           Tloc           73%        N/A       0%          3
 Tukima's Dance           Hex            93%        N/A       0%          3
 Cause Fear               Hex            46%        N/A       0%          4
 Dazzling Flash           Conj/Hex       100%       N/A       1%          3
 Inner Flame              Hex/Fire       68%        N/A       1%          3
 Summon Guardian Golem    Hex/Summ       68%        N/A       1%          3
 Iskenderun's Mystic Bla  Conj/Tloc      51%        2d11      1%          4
 Silence                  Hex/Air        34%        N/A       1%          5
 Animate Skeleton         Necr           34%        N/A       14%         1
 Foxfire                  Conj/Fire      68%        2x1d7     14%         1
 Pain                     Necr           68%        1d7       14%         1
 Summon Small Mammal      Summ           68%        N/A       14%         1
 Call Imp                 Summ           17%        N/A       21%         2
 Corpse Rot               Necr/Air       34%        N/A       21%         2
 Poisonous Vapours        Pois/Air       34%        N/A       21%         2
 Call Canine Familiar     Summ           17%        N/A       38%         3
 Conjure Flame            Conj/Fire      17%        6-21      38%         3
 Ignite Poison            Fire/Tmut/Pois 17%        N/A       38%         3
 Mephitic Cloud           Conj/Pois/Air  17%        N/A       38%         3
 Vampiric Draining        Necr           17%        2d7       38%         3
 Malign Gateway           Summ/Tloc      25%        N/A       41%         7
 Airstrike                Air            8%         N/A       80%         4
 Animate Armour           Summ/Erth      34%        N/A       80%         4
 Animate Dead             Necr           8%         N/A       80%         4
 Flame Wave               Conj/Fire      17%        2d6       80%         4
 Ice Form                 Ice/Tmut       17%        N/A       80%         4
 Petrify                  Tmut/Erth      17%        N/A       80%         4
 Summon Lightning Spire   Summ/Air       17%        N/A       80%         4
 Agony                    Necr           17%        N/A       98%         5
 Alistair's Intoxication  Tmut/Pois      11%        N/A       98%         5
 Blade Hands              Tmut           8%         N/A       98%         5
 Excruciating Wounds      Necr           8%         N/A       98%         5
 Freezing Cloud           Conj/Ice/Air   8%         6-21      98%         5
 Irradiate                Conj/Tmut      8%         3d16      98%         5
 Iskenderun's Battlesphe  Conj           17%        2d7       98%         5
 Iron Shot                Conj/Erth      8%         9d3       100%        6
 Simulacrum               Ice/Necr       8%         N/A       100%        6
 Starburst                Conj/Fire      8%         6d4       100%        6
 Statue Form              Tmut/Erth      11%        N/A       100%        6
 Dragon Form              Tmut           8%         N/A       100%        7
 Haunt                    Necr/Summ      8%         N/A       100%        7
 Orb of Destruction       Conj           8%         9d6       100%        7
 Spellforged Servitor     Conj/Summ      8%         N/A       100%        7
 Infestation              Necr           8%         N/A       100%        8
 Maxwell's Capacitive Co  Air            8%         ∞         100%        8
 Chain Lightning          Conj/Air       8%         3d11      100%        9
 Dragon's Call            Summ           8%         N/A       100%        9
 Polar Vortex             Ice            8%         N/A       100%        9


Dungeon Overview and Level Annotations

Branches:
Dungeon (1/1)

Altars:
Ashenzari
Cheibriados
Dithmenos
Elyvilon
Fedhas
Gozag
Hepliaklqana
Kikubaaqudgha
Makhleb
Nemelex Xobeh
Okawaru
Qazlal
Ru
Sif Muna
Trog
Uskayaw
Vehumet
Wu Jian
Xom
Yredelemnul
Zin
The Shining One
Beogh
Jiyva
Lugonu


Innate Abilities, Weirdness & Mutations

You have a pair of large antennae on your head. (SInv)
You are surrounded by a moderate repulsion field. (EV +3)
A demonic guardian rushes to your aid.
You regenerate a lot of health from kills.
Your melee attacks may debilitate your foes.
Your hexes are more powerful.
Your flesh is cold resistant. (rC+)


Message History

The blink frog blinks!
You block the blink frog's attack. The blink frog closely misses you.
The blink frog is engulfed in freezing vapours.
The blink frog seems to slow down.
The blink frog hits you.
The blink frog blinks!
The blink frog is engulfed in freezing vapours.
The blink frog misses you.
The blink frog blinks!
The blink frog misses you.
Press: ? - help, v - describe, . - travel A huge closed gate to the Grid Vault (Hard).
This square is covered in magical glow.
Unknown command.
You open the huge gate.
The blink frog hits you but does no damage.
The blink frog is struck by lightning.
The blink frog is engulfed in freezing vapours.
The blink frog seems to slow down.
The blink frog hits you!
The blink frog blinks! x2
There is a huge open gate to the Grid Vault (Hard), spattered with blood here.
The blink frog blinks!
There is a huge open gate to the Grid Vault (Hard) here.
Unknown command.
There is a huge open gate to the Grid Vault (Hard), spattered with blood here.
The blink frog blinks!
The blink frog blinks!
The blink frog is no longer moving slowly.
You open the huge gate.
The blink frog blinks!
The blink frog completely misses you.
The blink frog blinks!
The blink frog blinks!
The blink frog is engulfed in freezing vapours.
The blink frog seems to slow down.
You slice the blink frog!!
You kill the blink frog!
Qazlal accepts your kill.
The blink frog blinks!
You open the door.
Found a staircase leading out of the dungeon.
There is an open door to the Entrance Hall (Safe) here.
There is a staircase leading out of the dungeon here.
You have escaped!

#................''..
{
+................''..
#......#..#......##..
#................##..
####§#####''#########
#..°....##{'#
#....°..##.... {
#.......##.....
#...@...###....# {
#.○.§§..# #++## {
#.....°.# #.......# {
######### { {


There were no monsters in sight!

Vanquished Creatures
  Dissolution (D)
  Ignacio (D)
  Ereshkigal (D)
  Lom Lobon (D)
  Mnoleg (D)
  Khufu (D)
  An orb of fire (D)
  5 ancient liches (D)
  Mara (D)
  Mennas (twice) (D)
  3 royal mummies (D)
  Boris (twice) (D)
  2 Killer Klowns (D)
  A curse toe (D)
  Margery (twice) (D)
  Frederick (D)
  Xtahua (D)
  11 golden dragons (D)
  Jory (twice) (D)
  3 pearl dragons (D)
  3 bone dragons (D)
  2 profane servitors (D)
  3 Tzitzimimeh (D)
  4 hellephants (D)
  3 electric golems (D)
  4 Brimstone Fiends (D)
  4 tentacled monstrosities (D)
  6 liches (D)
  26 Orb Guardians (D)
  An Ice Fiend (D)
  6 Hell Sentinels (D)
  3 titans (D)
  11 pandemonium lords (D)
  7 quicksilver dragons (D)
  7 deep elf blademasters (D)
  2 acid blobs (D)
  3 deep elf master archers (D)
  4 sphinxes (D)
  2 death cobs (D)
  Gastronok (D)
  4 storm dragons (D)
  Frances (D)
  A draconian monk (D)
  4 daevas (D)
  8 shadow dragons (D)
  3 rockslimes (D)
  5 nagarajas (D)
  4 fire giants (D)
  A draconian scorcher (D)
  6 orc warlords (D)
  3 draconian knights (D)
  4 frost giants (D)
  2 deep elf sorcerers (D)
  A draconian shifter (D)
  Louise (D)
  A balrug (D)
  4 iron dragons (D)
  2 cacodemons (D)
  2 angels (D)
  7 ghost moths (D)
  5 ophanim (D)
  2 ghouls (D)
  A draconian annihilator (D)
  2 reapers (D)
  2 spriggan defenders (D)
  A stone giant (D)
  8 vampire knights (D)
  2 deep elf demonologists (D)
  2 apis (D)
  3 green draconians (D)
  5 white draconians (D)
  2 purple draconians (D)
  4 deep elf annihilators (D)
  3 red draconians (D)
  2 black draconians (D)
  8 dire elephants (D)
  A minotaur (D)
  4 green deaths (D)
  A blizzard demon (D)
  A merfolk impaler (D)
  2 ettins (D)
  A merfolk javelineer (D)
  5 mummy priests (D)
  16 fire dragons (D)
  5 yaktaur captains (D)
  2 rakshasas (D)
  4 naga warriors (D)
  5 deep elf high priests (D)
  3 hell beasts (D)
  An ogre mage (D)
  18 ice dragons (D)
  10 hydras (D)
  3 vault guards (D)
  A boulder beetle (D)
  2 merfolk aquamancers (D)
  An anaconda (D)
  A two-headed ogre (D)
  A death knight (D)
  A dancing weapon (D)
  6 deep troll shamans (D)
  2 deep troll earth magi (D)
  6 vampire magi (D)
  A spriggan berserker (D)
  4 hell hogs (D)
  12 death yaks (D)
  An orc high priest (D)
  22 hell knights (D)
  5 sun demons (D)
  3 deep elf knights (D)
  A soul eater (D)
  12 iron trolls (D)
  3 sixfirhies (D)
  6 skeletal warriors (D)
  A death drake (D)
  15 swamp dragons (D)
  29 orc knights (D)
  16 deep trolls (D)
  2 cherubim (D)
  4 flayed ghosts (D)
  9 harpies (D)
  4 necromancers (D)
  2 deep elf pyromancers (D)
  2 wolf spiders (D)
  An orc sorcerer (D)
  2 manticores (D)
  5 large abominations (D)
  Joseph (twice) (D)
  4 ugly things (D)
  2 elephants (D)
  2 molten gargoyles (D)
  5 guardian serpents (D)
  2 eyes of devastation (D)
  A gargoyle (D)
  5 orange demons (D)
  7 hellions (D)
  3 rime drakes (D)
  A kobold demonologist (D)
  5 yaktaurs (D)
  3 freezing wraiths (D)
  2 komodo dragons (D)
  An ice devil (D)
  2 tormentors (D)
  A wandering mushroom (D)
  15 merfolk (D)
  2 tarantellas (D)
  A wind drake (D)
  9 blink frogs (D)
  7 dream sheep (D)
  4 water elementals (D)
  8 vampires (D)
  A ynoxinul (D)
  2 spriggans (D)
  A fire bat (D)
  2 fire elementals (D)
  3 golden eyes (D)
  4 neqoxecs (D)
  3 wyverns (D)
  13 redbacks (D)
  3 vampire mosquitoes (D)
  A warg (D)
  A water moccasin (D)
  2 floating eyes (D)
  8 orc warriors (D)
  An ice beast (D)
  A wolf (D)
  A necrophage (D)
  4 centaurs (D)
  A scorpion (D)
  A bullfrog (D)
  4 wights (D)
  A hound (D)
  2 orc priests (D)
  4 orc wizards (D)
  A hell rat (D)
  A mummy (D)
  3 gnolls (D)
  An ufetubus (D)
  2 adder zombies (D)
  2 adder skeletons (D)
  2 adder simulacra (D)
  6 orcs (D)
  A bat (D)
  2 bat skeletons (D)
  A bat zombie (D)
  An endoplasm (D)
  3 giant cockroaches (D)
  5 goblins (D)
  2 hobgoblins (D)
  7 jackals (D)
  A quokka (D)
  A ball python (D)
  4 ball python simulacra (D)
  3 ball python skeletons (D)
  A bat simulacrum (D)
  2 frilled lizards (D)
  2 giant cockroach simulacra (D)
  A giant cockroach zombie (D)
  4 quokka skeletons (D)
  A quokka zombie (D)
744 creatures vanquished.

Vanquished Creatures (collateral kills)
  A pandemonium lord (D)
  Xtahua (D)
  A deep elf blademaster (D)
  A daeva (D)
  A green draconian (D)
  An ophan (D)
  A deep elf high priest (D)
  An ice dragon (D)
  A soul eater (D)
  A harpy (D)
  A guardian serpent (D)
  A merfolk (D)
  A redback (D)
13 creatures vanquished.

Vanquished Creatures (others)
  A pearl dragon (D)
  An Orb Guardian (D)
  A hellephant (D)
  2 liches (D)
  An eldritch tentacle (D)
  A shadow dragon (D)
  A daeva (D)
  A hell beast (D)
  A yaktaur (D)
  A swamp drake (D)
  An orc priest (D)
  An orc wizard (D)
  4 orcs (D)
17 creatures vanquished.

Grand Total: 774 creatures vanquished

Notes
Turn   | Place    | Note
-------+----------+-------------------------------------------
     0 | D        | Baz the Demonspawn Gladiator began the quest for the Orb.
     0 | D        | Reached XP level 1. HP: 16/16 MP: 1/1
    14 | D        | Gained mutation: You regenerate a little health from kills.
                  | [demonic ancestry]
    14 | D        | Reached XP level 2. HP: 9/23 MP: 2/2
   228 | D        | Found a basalt altar of Yredelemnul.
   228 | D        | Found a shimmering altar of Xom.
   228 | D        | Found an ornate altar of the Wu Jian Council.
   228 | D        | Found a bloodstained altar of Trog.
   228 | D        | Found a shimmering blue altar of Sif Muna.
   228 | D        | Found a sacrificial altar of Ru.
   228 | D        | Found a stormy altar of Qazlal.
   228 | D        | Found an iron altar of Okawaru.
   228 | D        | Found a sparkling altar of Nemelex Xobeh.
   228 | D        | Found a burning altar of Makhleb.
   228 | D        | Found a viscous altar of Jiyva.
   228 | D        | Found a hazy altar of Hepliaklqana.
   228 | D        | Found an opulent altar of Gozag.
   228 | D        | Found a blossoming altar of Fedhas.
   228 | D        | Found a shadowy altar of Dithmenos.
   228 | D        | Found a snail-covered altar of Cheibriados.
   229 | D        | Found a radiant altar of Vehumet.
   229 | D        | Found a corrupted altar of Lugonu.
   230 | D        | Found a hide-covered altar of Uskayaw.
   230 | D        | Found an ancient bone altar of Kikubaaqudgha.
   230 | D        | Found a broken altar of Ashenzari.
   233 | D        | Became a worshipper of Qazlal Stormbringer
   259 | D        | Reached * piety under Qazlal
   273 | D        | Reached ** piety under Qazlal
   274 | D        | Reached skill level 1 in Armour
   386 | D        | Reached skill level 1 in Invocations
   389 | D        | Gained mutation: You have a pair of small antennae on your
                  | head. [demonic ancestry]
   389 | D        | Reached XP level 3. HP: 29/29 MP: 2/4
   390 | D        | Reached *** piety under Qazlal
   469 | D        | Noticed a bullfrog
   469 | D        | Noticed a centaur
   476 | D        | Killed a bullfrog
   477 | D        | Gained mutation: You are surrounded by a mild repulsion
                  | field. (EV +2) [demonic ancestry]
   477 | D        | Reached XP level 4. HP: 34/37 MP: 4/6
   484 | D        | Reached skill level 5 in Long Blades
   489 | D        | Killed a centaur
   490 | D        | Reached skill level 5 in Dodging
   490 | D        | Reached skill level 5 in Invocations
   490 | D        | Reached XP level 5. HP: 37/43 MP: 2/8
   493 | D        | Reached **** piety under Qazlal
   495 | D        | Reached skill level 5 in Fighting
   507 | D        | Noticed a fire bat
   518 | D        | Killed a fire bat
   519 | D        | Reached XP level 6. HP: 34/52 MP: 2/11
   528 | D        | Reached skill level 5 in Armour
   627 | D        | Noticed an orc warrior
   634 | D        | Killed an orc warrior
   717 | D        | Noticed a komodo dragon
   728 | D        | Killed a komodo dragon
   728 | D        | Reached ***** piety under Qazlal
   729 | D        | Gained mutation: You have a pair of antennae on your head.
                  | [demonic ancestry]
   729 | D        | Reached XP level 7. HP: 60/60 MP: 11/13
   770 | D        | Noticed a wyvern
   770 | D        | Noticed an orc sorcerer
   774 | D        | Killed an orc sorcerer
   775 | D        | Reached skill level 10 in Invocations
   775 | D        | Gained mutation: You have a pair of large antennae on your
                  | head. (SInv) [demonic ancestry]
   775 | D        | Reached XP level 8. HP: 69/69 MP: 11/15
   787 | D        | Reached ****** piety under Qazlal
   951 | D        | Noticed a rime drake
   959 | D        | Killed a rime drake
   960 | D        | Gained mutation: A weak demonic guardian rushes to your
                  | aid. [demonic ancestry]
   960 | D        | Reached XP level 9. HP: 40/76 MP: 17/17
  1143 | D        | Noticed a merfolk
  1143 | D        | Noticed a gargoyle
  1188 | D        | Killed a merfolk
  1189 | D        | Reached skill level 10 in Long Blades
  1200 | D        | Killed a gargoyle
  1444 | D        | Reached skill level 10 in Fighting
  1447 | D        | Reached skill level 10 in Dodging
  1448 | D        | Reached XP level 10. HP: 86/86 MP: 15/19
  1493 | D        | Noticed a molten gargoyle
  1494 | D        | Noticed a flayed ghost
  1496 | D        | Killed a molten gargoyle
  1501 | D        | Killed a flayed ghost
  1559 | D        | Noticed a merfolk impaler
  1559 | D        | Noticed an orc knight
  1563 | D        | Reached skill level 10 in Armour
  1567 | D        | Killed an orc knight
  1581 | D        | Killed a merfolk impaler
  1582 | D        | Gained mutation: A demonic guardian rushes to your aid.
                  | [demonic ancestry]
  1582 | D        | Reached XP level 11. HP: 78/95 MP: 18/21
  1621 | D        | Noticed an orc high priest
  1636 | D        | Killed an orc high priest
  1637 | D        | Reached skill level 15 in Invocations
  1892 | D        | Noticed Gastronok
  1904 | D        | Killed Gastronok
  2156 | D        | Noticed Joseph
  2167 | D        | Killed Joseph
  2225 | D        | Noticed a deep troll
  2249 | D        | Killed a deep troll
  2250 | D        | Reached skill level 15 in Long Blades
  2406 | D        | Noticed a sun demon
  2420 | D        | Killed a sun demon
  2525 | D        | Reached XP level 12. HP: 105/105 MP: 24/24
  2875 | D        | Noticed a ghost moth
  2881 | D        | Noticed an orc warlord
  2885 | D        | Noticed a naga warrior
  2887 | D        | Killed a ghost moth
  2888 | D        | Noticed a naga warrior
  2986 | D        | Killed an orc warlord
  3050 | D        | Killed a naga warrior
  3379 | D        | Killed a naga warrior
  3421 | D        | Noticed a vampire knight
  3424 | D        | Killed a vampire knight
  3564 | D        | Noticed an orc warlord
  3578 | D        | Killed an orc warlord
  4010 | D        | Reached XP level 13. HP: 102/114 MP: 17/27
  4158 | D        | Noticed a deep elf blademaster
  4158 | D        | Noticed a fire dragon
  4163 | D        | Killed a fire dragon
  4164 | D        | Reached skill level 15 in Fighting
  4333 | D        | Killed a deep elf blademaster
  4457 | D        | Noticed an angel
  4461 | D        | Killed an angel
  4813 | D        | Noticed a mummy priest
  4815 | D        | Identified the +4 robe of Weirdness {Fly Will+ Int+2}
  4819 | D        | Killed a mummy priest
  4961 | D        | Reached skill level 15 in Dodging
  5014 | D        | Noticed a ghost moth
  5019 | D        | Killed a ghost moth
  5036 | D        | Noticed a minotaur
  5048 | D        | Killed a minotaur
  5050 | D        | Noticed a merfolk javelineer
  5056 | D        | Killed a merfolk javelineer
  5557 | D        | Reached skill level 15 in Armour
  5675 | D        | Noticed a death cob
  5682 | D        | Killed a death cob
  5683 | D        | Gained mutation: You regenerate health from kills. [demonic
                  | ancestry]
  5683 | D        | Reached XP level 14. HP: 102/126 MP: 15/30
  5985 | D        | Noticed a sphinx
  5989 | D        | Paralysed by a sphinx for 3 turns
  5992 | D        | Killed a sphinx
  6389 | D        | Noticed a profane servitor
  6404 | D        | Killed a profane servitor
  6597 | D        | Noticed a nagaraja
  6601 | D        | Killed a nagaraja
  6602 | D        | Reached skill level 27 in Invocations
  6612 | D        | Noticed a fire giant
  6623 | D        | Noticed Mennas
  6627 | D        | Killed a fire giant
  6643 | D        | Killed Mennas
  6813 | D        | Gained mutation: You are surrounded by a moderate repulsion
                  | field. (EV +3) [demonic ancestry]
  6813 | D        | Reached XP level 15. HP: 83/139 MP: 32/32
  7086 | D        | Noticed a storm dragon
  7087 | D        | Noticed a deep elf blademaster
  7093 | D        | Killed a deep elf blademaster
  7094 | D        | Noticed Jory
  7094 | D        | Noticed a fire giant
  7094 | D        | Noticed Xtahua
  7096 | D        | Killed a fire giant
  7097 | D        | Killed a storm dragon
  7098 | D        | Killed Xtahua
  7102 | D        | Killed Jory
  7112 | D        | Paralysed by a floating eye for 4 turns
  7432 | D        | Got the +0 pair of boots of Jigsaw {rElec}
  7676 | D        | Noticed a lich
  7676 | D        | Noticed Wunab the pandemonium lord
  7676 | D        | Noticed a Hell Sentinel
  7677 | D        | Killed a lich
  7682 | D        | Killed a Hell Sentinel
  7684 | D        | Noticed a daeva
  7685 | D        | Noticed a deep elf blademaster
  7685 | D        | Killed a daeva
  7689 | D        | Killed Wunab the pandemonium lord
  7689 | D        | Killed a deep elf blademaster
  7774 | D        | Noticed a frost giant
  7783 | D        | Killed a frost giant
  7790 | D        | Noticed a deep elf blademaster
  7801 | D        | Killed a deep elf blademaster
  7803 | D        | Noticed a hellephant
  7812 | D        | Noticed a black draconian knight
  7812 | D        | Noticed a daeva
  7812 | D        | Noticed a daeva
  7815 | D        | Killed a black draconian knight
  7815 | D        | Killed a daeva
  7815 | D        | Noticed an orc warlord
  7816 | D        | Noticed a deep elf master archer
  7817 | D        | Killed a daeva
  7820 | D        | Killed a deep elf master archer
  7824 | D        | Killed an orc warlord
  7906 | D        | Killed a hellephant
  7983 | D        | Noticed a frost giant
  7983 | D        | Noticed Boris
  7984 | D        | Noticed a tentacled monstrosity
  7990 | D        | Killed Boris
  7990 | D        | Killed a frost giant
  7991 | D        | Gained mutation: Your hexes are more powerful. [demonic
                  | ancestry]
  7991 | D        | Reached XP level 16. HP: 136/154 MP: 15/33
  7997 | D        | Killed a tentacled monstrosity
  8097 | D        | Noticed a lich
  8099 | D        | Killed a lich
  8427 | D        | Noticed an ancient lich
  8437 | D        | Killed an ancient lich
  8746 | D        | Noticed Margery
  8750 | D        | Killed Margery
  8832 | D        | Got the amulet of Suicidal Tendencies {Spirit rF++ Int-3
                  | SInv Stlth+}
  8834 | D        | Got the ring "Plog" {Fly rF- rN+ Will+ Dex+5}
  8836 | D        | Got the ring "Tetic" {Drain rElec rC++ Slay+5 SInv}
  8838 | D        | Got the amulet of the Enemy {Acrobat -Tele rN+ Str+6
                  | Stlth+}
  8843 | D        | Got the ring of Otep {rC+ Str+6}
  8845 | D        | Got the ring "Gacaitox" {Fly rF+ Will+}
  8847 | D        | Got the amulet of Xomis {Faith rC+}
  8849 | D        | Got the ring of the Visionary {Fire +Blink rPois rN+ Str-5}
  8960 | D        | Noticed a lich
  8960 | D        | Noticed a Hell Sentinel
  8960 | D        | Noticed Wunab the pandemonium lord
  8964 | D        | Killed a lich
  8965 | D        | Killed a Hell Sentinel
  8972 | D        | Killed Wunab the pandemonium lord
  8972 | D        | Noticed a deep elf blademaster
  8974 | D        | Killed a deep elf blademaster
  8979 | D        | Noticed a hellephant
  8988 | D        | Noticed a lich
  8996 | D        | Killed a hellephant
  9002 | D        | Killed a lich
  9120 | D        | Noticed Margery
  9124 | D        | Killed Margery
  9178 | D        | Noticed an ancient lich
  9182 | D        | Killed an ancient lich
  9488 | D        | Got the ring of Otep {rC+ Str+6}
  9490 | D        | Got the ring "Gacaitox" {Fly rF+ Will+}
  9492 | D        | Got the amulet of Xomis {Faith rC+}
  9494 | D        | Got the ring of the Visionary {Fire +Blink rPois rN+ Str-5}
  9496 | D        | Got the amulet of the Enemy {Acrobat -Tele rN+ Str+6
                  | Stlth+}
  9498 | D        | Got the ring "Tetic" {Drain rElec rC++ Slay+5 SInv}
  9500 | D        | Got the ring "Plog" {Fly rF- rN+ Will+ Dex+5}
  9502 | D        | Got the amulet of Suicidal Tendencies {Spirit rF++ Int-3
                  | SInv Stlth+}
  9519 | D        | Noticed Boris
  9520 | D        | Noticed a tentacled monstrosity
  9526 | D        | Killed Boris
  9527 | D        | Killed a tentacled monstrosity
  9531 | D        | Noticed a deep elf blademaster
  9534 | D        | Killed a deep elf blademaster
  9609 | D        | Gained mutation: You regenerate a lot of health from kills.
                  | [demonic ancestry]
  9609 | D        | Reached XP level 17. HP: 167/171 MP: 30/34
 10221 | D        | Noticed a deep elf master archer
 10222 | D        | Killed a deep elf master archer
 10359 | D        | Reached skill level 27 in Fighting
 10558 | D        | Gained mutation: Your magical capacity is low. (-10% MP) [a
                  | neqoxec]
 10568 | D        | Lost mutation: Your magical capacity is low. (-10% MP)
                  | [potion of mutation]
 10568 | D        | Gained mutation: Your flesh is cold resistant. (rC+)
                  | [potion of mutation]
 10581 | D        | Noticed a titan
 10584 | D        | Killed a titan
 10610 | D        | Paralysed by an ogre mage for 2 turns
 10620 | D        | Noticed a lich
 10624 | D        | Noticed a lich
 10625 | D        | Killed a lich
 10628 | D        | Killed a lich
 10628 | D        | Noticed Frances
 10630 | D        | Reached skill level 27 in Dodging
 10631 | D        | Reached skill level 27 in Armour
 10631 | D        | Reached skill level 1 in Unarmed Combat
 10631 | D        | Reached skill level 1 in Evocations
 10637 | D        | Killed Frances
 10892 | D        | Reached skill level 5 in Evocations
 10896 | D        | Reached skill level 5 in Unarmed Combat
 10941 | D        | Got the Incunabulum of Shape Shifting
 10950 | D        | Got the Tome of Mutagenic Confrontation
 10956 | D        | Got the Handbook of Conjuration and Companions
 10958 | D        | Got Qetied's Compendium of Gliding Calling
 10960 | D        | Got the Collected Works on Venomous Feathers
 10967 | D        | Learned a level 2 spell: Blink
 10982 | D        | Got the ring "Zuji" {rPois rF+++ Int-3 Slay+2}
 10984 | D        | Got the ring of Fuddes {Fly Int+2 Slay+5}
 10986 | D        | Got the ring of Xunlegg {Slay+5 Stlth+}
 10988 | D        | Got the amulet of Fumiss {RegenMP rF+ rN+ Will- MP+9
                  | Stlth+}
 10990 | D        | Got the amulet "Ecrodgho" {Spirit Int+7}
 10992 | D        | Got the ring "Voqau" {rF- rC+ rN++ Slay+5 Stlth+}
 10994 | D        | Got the amulet of Tuama {Reflect +Blink rC+ Slay+2 SH+5}
 10996 | D        | Got the ring of Piuniug {Fire MP-9 Str+3 Dex+8}
 10998 | D        | Got the ring of Nayk Cad {rC+ Int+6}
 11021 | D        | Got the ring "Apnafic" {Fire Int+5 Dex+2}
 11024 | D        | Got the ring "Hirazxy" {rF+ Will+ Int+5}
 11027 | D        | Got the ring of Maenis {Str+2 SInv}
 11030 | D        | Got the ring of Eloy {rC+ rN+}
 11033 | D        | Got the ring of Kuzufearr {rF- rN+ rCorr Slay+5 SInv}
 11036 | D        | Got the ring of Etuir {Fly rPois rN++ Dex+3}
 11039 | D        | Got the ring "Ahuhipha" {rPois Will+ Int+4 Dex+3}
 11042 | D        | Got the ring "Laech" {Fly Int+6 Slay+2}
 11046 | D        | Got the ring "Ycky" {Wiz rF+ Int+7}
 11049 | D        | Got the ring of Democracy {Drain rF+ rC+++ rCorr Str+4}
 11054 | D        | Got the amulet of Wycziuz {Faith Harm Int-3 Dex+7}
 11057 | D        | Got the ring "Hagim" {Drain +Blink rF+ Will+ Slay+5}
 11062 | D        | Got the ring of Lessup {rPois rF+}
 11066 | D        | Got the amulet of Royalty {Reflect Will- Regen+ Str+4
                  | Slay+3 SH+5}
 11150 | D        | Noticed a deep elf blademaster
 11151 | D        | Reached skill level 1 in Spellcasting
 11151 | D        | Reached skill level 1 in Translocations
 11153 | D        | Killed a deep elf blademaster
 11154 | D        | Reached skill level 10 in Unarmed Combat
 11171 | D        | Reached XP level 18. HP: 155/182 MP: 10/35
 11431 | D        | Noticed Urres the pandemonium lord
 11445 | D        | Killed Urres the pandemonium lord
 11503 | D        | Noticed Bumoec the pandemonium lord
 11519 | D        | Killed Bumoec the pandemonium lord
 11810 | D        | Noticed Bafeby the pandemonium lord
 11821 | D        | Killed Bafeby the pandemonium lord
 11839 | D        | Noticed a royal mummy
 11839 | D        | Noticed a curse toe
 11842 | D        | Reached skill level 10 in Spellcasting
 11842 | D        | Reached skill level 10 in Translocations
 11845 | D        | Killed a curse toe
 11854 | D        | Killed a royal mummy
 12000 | D        | Noticed a bone dragon
 12015 | D        | Killed a bone dragon
 12185 | D        | Noticed a Tzitzimitl
 12191 | D        | Killed a Tzitzimitl
 12212 | D        | Noticed a Hell Sentinel
 12218 | D        | Killed a Hell Sentinel
 12219 | D        | Reached skill level 15 in Evocations
 12467 | D        | Noticed Ereshkigal
 12469 | D        | Noticed a Tzitzimitl
 12478 | D        | Killed Ereshkigal
 12483 | D        | Noticed Woniocw the pandemonium lord
 12494 | D        | Killed Woniocw the pandemonium lord
 12564 | D        | Noticed an Ice Fiend
 12564 | D        | Noticed a Brimstone Fiend
 12567 | D        | Killed an Ice Fiend
 12573 | D        | Killed a Brimstone Fiend
 12574 | D        | Reached skill level 15 in Unarmed Combat
 12599 | D        | Noticed a Tzitzimitl
 12608 | D        | Killed a Tzitzimitl
 12667 | D        | Noticed a golden dragon
 12673 | D        | Killed a golden dragon
 12694 | D        | Noticed a Tzitzimitl
 12703 | D        | Killed a Tzitzimitl
 13051 | D        | Noticed a pearl dragon
 13062 | D        | Killed a pearl dragon
 13154 | D        | Noticed Iqaub the pandemonium lord
 13155 | D        | Noticed a Brimstone Fiend
 13160 | D        | Noticed a Brimstone Fiend
 13165 | D        | Killed a Brimstone Fiend
 13165 | D        | Killed a Brimstone Fiend
 13176 | D        | Killed Iqaub the pandemonium lord
 13177 | D        | Reached skill level 15 in Spellcasting
 13177 | D        | Reached skill level 15 in Translocations
 13209 | D        | Learned a level 5 spell: Metabolic Englaciation
 13494 | D        | Noticed an ancient lich
 13520 | D        | Killed an ancient lich
 13521 | D        | Reached XP level 19. HP: 189/189 MP: 38/38
 13524 | D        | Noticed Khufu
 13535 | D        | Killed Khufu
 13567 | D        | Noticed Goepn the pandemonium lord
 13567 | D        | Noticed an ancient lich
 13587 | D        | Killed Goepn the pandemonium lord
 13592 | D        | Killed an ancient lich
 13649 | D        | Got the ring of the Devil {rN+ Will- Int+4 Dex+6}
 13652 | D        | Got the ring of Dufog {rN+ Will+}
 13656 | D        | Got an iron rune of Zot
 13658 | D        | Got the ring "Irhucy" {rElec MP-9 Str-4 Dex+7 SInv}
 13661 | D        | Got the ring of Bidacop {Will+ Int+6 Dex+2}
 13665 | D        | Got the amulet of the Fool {RegenMP rF+}
 13668 | D        | Got the amulet "Maklokuc" {Acrobat rElec}
 13674 | D        | Got the +7 great sword "Newtbane" {vorpal, *Noise rElec
                  | Int+3}
 13678 | D        | Got the ring of the Blue Skies {rC+ rCorr Int-5 Dex-4 SInv}
 13682 | D        | Got the ring "Paurunk" {+Blink rElec rF+ rC+ Int+3}
 13699 | D        | Got the +7 double sword "Beast's Doom" {vorpal, Int+3}
 13759 | D        | Noticed a golden dragon
 13766 | D        | Killed a golden dragon
 13815 | D        | Noticed an ancient lich
 13821 | D        | Killed an ancient lich
 13953 | D        | Noticed Zuixt the pandemonium lord
 13971 | D        | Killed Zuixt the pandemonium lord
 13972 | D        | Reached skill level 5 in Hexes
 14151 | D        | Noticed Mara
 14175 | D        | Noticed Baz's illusion
 14175 | D        | Killed Mara
 14277 | D        | Noticed Dissolution
 14284 | D        | Killed Dissolution
 14447 | D        | Noticed a profane servitor
 14461 | D        | Killed a profane servitor
 14474 | D        | Reached skill level 10 in Hexes
 14521 | D        | Noticed Mennas
 14522 | D        | Killed Mennas
 14556 | D        | Reached XP level 20. HP: 197/197 MP: 33/43
 14558 | D        | Noticed Jory
 14580 | D        | Killed Jory
 14585 | D        | Noticed Xtahua
 14593 | D        | Paralysed by Xtahua for 3 turns
 14594 | D        | Killed Xtahua
 14694 | D        | Reached skill level 27 in Long Blades
 14694 | D        | Noticed a bone dragon
 14697 | D        | Noticed a bone dragon
 14710 | D        | Reached skill level 15 in Hexes
 14713 | D        | Killed a bone dragon
 14720 | D        | Killed a bone dragon
 14765 | D        | Got a silver rune of Zot
 14768 | D        | Got the Guide on Companions and Stones
 14771 | D        | Got the amulet "Zaczafab" {Acrobat Rampage +Blink}
 14776 | D        | Got the ring of Avawapreab {Fly Int+3}
 15175 | D        | Noticed a golden dragon
 15176 | D        | Killed a golden dragon
 15176 | D        | Killed a golden dragon
 15177 | D        | Noticed a golden dragon
 15179 | D        | Noticed a golden dragon
 15179 | D        | Noticed a golden dragon
 15179 | D        | Noticed a golden dragon
 15180 | D        | Killed a golden dragon
 15180 | D        | Killed a golden dragon
 15180 | D        | Killed a golden dragon
 15180 | D        | Killed a golden dragon
 15180 | D        | Killed a golden dragon
 15180 | D        | Killed a golden dragon
 15181 | D        | Gained mutation: Your melee attacks may debilitate your
                  | foes. [demonic ancestry]
 15181 | D        | Reached XP level 21. HP: 204/204 MP: 30/48
 15185 | D        | Noticed a golden dragon
 15201 | D        | Killed a golden dragon
 15202 | D        | Reached skill level 27 in Evocations
 15219 | D        | Learned a level 3 spell: Gell's Gravitas
 15225 | D        | Learned a level 5 spell: Manifold Assault
 15236 | D        | Got the Compendium of Supportive Contamination
 15258 | D        | Got a golden rune of Zot
 15262 | D        | Got the ring "Etagatud" {Drain rElec rF++ Will- Dex+6}
 15288 | D        | Got the Volume of Execration
 15298 | D        | Learned a level 8 spell: Discord
 15435 | D        | Noticed Mnoleg
 15439 | D        | Noticed a royal mummy
 15442 | D        | Noticed a Killer Klown
 15445 | D        | Killed a Killer Klown
 15449 | D        | Killed a royal mummy
 15450 | D        | Killed Mnoleg
 15451 | D        | Noticed Louise
 15462 | D        | Killed Louise
 15673 | D        | Noticed Rykhike the pandemonium lord
 15683 | D        | Reached skill level 27 in Unarmed Combat
 15687 | D        | Killed Rykhike the pandemonium lord
 15728 | D        | Noticed Lom Lobon
 15728 | D        | Noticed Ignacio
 15729 | D        | Noticed Leocis the pandemonium lord
 15729 | D        | Noticed Frederick
 15729 | D        | Noticed a royal mummy
 15730 | D        | Killed Frederick
 15730 | D        | Noticed an orb of fire
 15731 | D        | Reached skill level 27 in Spellcasting
 15731 | D        | Reached skill level 27 in Translocations
 15731 | D        | Killed an orb of fire
 15731 | D        | Killed Leocis the pandemonium lord
 15731 | D        | Killed a royal mummy
 15731 | D        | Killed Ignacio
 15732 | D        | Reached skill level 27 in Hexes
 15736 | D        | Killed Lom Lobon
 15737 | D        | Reached skill level 15 in Stealth
 15737 | D        | Reached XP level 22. HP: 211/212 MP: 26/53
 15737 | D        | Noticed a Killer Klown
 15737 | D        | Noticed Jipy the pandemonium lord
 15742 | D        | Killed Jipy the pandemonium lord
 15743 | D        | Reached skill level 15 in Throwing
 15744 | D        | Killed a Killer Klown
 15962 | D        | Got the Orb of Zot
 16065 | D        | Noticed Joseph
 16068 | D        | Killed Joseph
 16121 | D        | Escaped with the Orb!

Illustrated notes

Levels and vault maps discovered:
D:        pitsprint [storerooms_1, entrance_room_1, metal_vault_2, armoury_3,
          mini_pit_1, grid_room_1, main_hall_1, silver_pit, the_coven_2,
          the_vestibule_1, steel_vault_5, golden_pit, hallway_of_sentries,
          crystal_vault_4, iron_vault_4, final_vault]

Skill      XL: |  1  2  3  4  5  6  7  8  9 10 11 12 13 14 15 16 17 18 19 20 21 22 |
---------------+-------------------------------------------------------------------+-----
Long Blades    | 3 4 5 6 7 8 9 11 13 15 16 17 19 22 23 26 27 | 27.0
Throwing       | 2 14 17 | 17.0
Dodging        | 3 4 5 6 7 8 10 11 12 14 15 17 20 24 27 | 27.0
Armour         | 1 2 3 4 6 7 8 9 10 12 13 15 17 20 24 27 | 27.0
Invocations    | 1 3 5 6 8 10 11 13 14 17 21 24 27 | 27.0
Fighting       | 3 4 6 7 8 9 10 11 13 14 16 19 22 26 27 | 27.0
Unarmed Combat | 10 17 20 24 27 | 27.0
Evocations     | 11 18 22 26 27 | 27.0
Spellcasting   | 7 15 19 23 27 | 27.0
Translocations | 7 15 19 23 27 | 27.0
Hexes          | 12 19 27 | 27.0
Stealth        | 15 18 | 18.2

Action                   |  1- 3 |  4- 6 |  7- 9 | 10-12 | 13-15 | 16-18 | 19-21 | 22-24 || total
-------------------------+-------+-------+-------+-------+-------+-------+-------+-------++-------
Melee: Long sword        |     5 |    47 |    83 |   216 |    16 |       |       |       ||   367
       Falchion          |    26 |       |       |       |       |       |       |       ||    26
       Punch             |       |       |     1 |     7 |     4 |       |       |       ||    12
       Double sword      |       |       |       |       |   212 |       |       |       ||   212
       Triple sword      |       |       |       |       |    83 |   437 |   251 |       ||   771
       Great sword       |       |       |       |       |       |       |    68 |    18 ||    86
 Cast: Manifold Assault  |       |       |       |       |       |       |     1 |       ||     1
Invok: Upheaval          |       |     2 |     2 |    52 |   110 |    76 |    24 |     2 ||   268
       Disaster Area     |       |       |       |       |       |     4 |    14 |     2 ||    20
  Use: Potion            |       |       |       |     2 |     9 |     4 |       |       ||    15
       Scroll            |       |       |       |     1 |     3 |       |       |       ||     4
 Stab: Confused          |       |       |     1 |       |       |       |       |       ||     1
       Distracted        |       |       |       |       |       |     1 |       |       ||     1
Armor: Leather armour    |    10 |       |       |       |       |       |       |       ||    10
       Scale mail        |       |    21 |     6 |       |       |       |       |       ||    27
       Chain mail        |       |       |    20 |    49 |       |       |       |       ||    69
       Plate armour      |       |       |       |     1 |     9 |       |       |       ||    10
       Gold dragon scale |       |       |       |       |   194 |   198 |   203 |    12 ||   607
Dodge: Dodged            |    13 |    27 |    57 |    94 |   175 |   243 |   265 |    19 ||   893
       Repelled          |       |       |     2 |     5 |     3 |    10 |     8 |       ||    28
Block: Other             |     3 |    15 |    35 |    59 |   116 |    94 |   130 |    15 ||   467
